 Dungeon Crawl Stone Soup version 0.29.0-15-g675c0067aa (webtiles) character file.

Game seed: 874193605894913592

8 qw the Sneak (level 2, -4/19 HPs)
             Began as a Gargoyle Delver on Sept 11, 2022.
             Slain by a gnoll
             ... wielding a +1 flail of holy wrath
              (8 damage)
             ... on level 4 of the Dungeon.
             The game lasted 00:00:06 (85 turns).

qw the Sneak (Gargoyle Delver)                        Turns: 85, Time: 00:00:07

Health: -4/19      AC:  5    Str: 15    XL:     2   Next: 8%
Magic:  2/2        EV: 11    Int: 10    God:
Gold:   0          SH:  0    Dex: 11    Spells: 1/1 levels left

rFire   . . .      SeeInvis .   a - +0 hand axe
rCold   . . .      Faith    .   (no shield)
rNeg    + . .      Spirit   .   b - +0 leather armour
rPois   inf        Reflect  .   (no helmet)
rElec   +          Harm     .   (no cloak)
rCorr   .          Rampage  .   (no gloves)
Will    .....                   (no boots)
Stlth   +++.......              (no amulet)
HPRegen 0.06/turn               (no ring)
MPRegen 0.08/turn               (no ring)

@: no status effects
A: sickness immunity, AC +2, negative energy resistance 1, electricity
resistance, torment resistance 1, petrification resistance
a: no special abilities


You were on level 4 of the Dungeon.
You visited 1 branch of the dungeon, and saw 2 of its levels.


Innate Abilities, Weirdness & Mutations

You are immune to sickness and miasma.
Your stone body is resilient. (AC +2)
You are immune to poison.
You resist negative energy. (rN+)
You are resistant to electric shocks. (rElec)
You are resistant to unholy torment.
You are immune to petrification.


   Skills:
 - Level 3.2 Fighting
 + Level 2.5 Axes
 - Level 1.5 Dodging
 - Level 5.4 Stealth


You had one spell level left.
You didn't know any spells.
Your spell library was empty.

Inventory:

Hand Weapons
 a - a +0 hand axe (weapon)
Armour
 b - a +0 leather armour (worn)
Wands
 g - a wand of digging (3)
Scrolls
 c - a scroll of noise {unknown}
Potions
 f - a potion of haste

Dungeon Overview and Level Annotations

Branches:
Dungeon (5/15)
 Temple: D:4-7

Altars:


Message History

You hit the jackal.
You kill the jackal!
Found a stone staircase leading up.
There is a stone staircase leading up here.
A quokka comes into view.
Enter note: You hit the quokka.
The quokka is lightly wounded.
The quokka bites you but does no damage. x2
You closely miss the quokka.
The quokka is lightly wounded.
The quokka barely misses you.
You hit the quokka.
You kill the quokka!
You hear the slow rusting of a drain nearby.
Found a falchion.
A goblin comes into view. It is wielding a +0 dagger.
Found a scroll of fear and a flail.
The goblin shouts!
A kobold comes into view. It is wielding a +0 short sword.
A gnoll comes into view. It is wielding a +0 flail.
The kobold shouts!
You hit the goblin.
You kill the goblin!
You have reached level 2!
You hit the kobold.
You kill the kobold!
Items here: %% )).
c - a scroll labelled KISCHI OHUECAFF A gnoll comes into view.
It is wielding a +1 flail of holy wrath.
81 ||| Stepping ~*~*~tactically~*~*~ (stealth).
You see here a scroll of fear.
You hit the gnoll but do no damage.
The gnoll hits you with a +1 flail of holy wrath!
You hit the gnoll but do no damage.
The gnoll hits you with a +1 flail of holy wrath!
You hit the gnoll.
The gnoll is moderately wounded.
The gnoll hits you with a +1 flail of holy wrath!
You die...

#.
#.................
..
#.......#.........
..
##....%.#.........
.............)...#
.....#..#.........#
........##.).....##
).................#
.........?........#
.....###@......##
.......g.......#
.....##.#.......#
#. ###.........
...#..##.# ........
....... .....#.


You could see a gnoll.

Vanquished Creatures
  A goblin (D:4)
  3 jackals (D:4)
  A kobold (D:4)
  A quokka (D:4)
6 creatures vanquished.

Notes
Turn   | Place    | Note
-------+----------+-------------------------------------------
     0 | D:5      | qw the Gargoyle Delver began the quest for the Orb.
     0 | D:5      | Reached XP level 1. HP: 14/14 MP: 1/1
     0 | D:5      | 0 ||| qw: Version: 0.1-a-118-gb4e7ce6
     0 | D:5      | 0 ||| qw: Game counter: 10305
     0 | D:5      | 0 ||| qw: Always use a shield: true
     0 | D:5      | 0 ||| qw: God list: Okawaru
     0 | D:5      | 0 ||| qw: Allow faded altars: false
     0 | D:5      | 0 ||| qw: Do Orc after D:15 true
     0 | D:5      | 0 ||| qw: Do second Lair branch before Depths: true
     0 | D:5      | 0 ||| qw: Lair rune preference: random
     0 | D:5      | 0 ||| qw: Plans: Normal
     0 | D:5      | 0 ||| PLANNING D:1-11
     0 | D:5      | 0 ||| DROPPING scroll of fog.
     1 | D:5      | 1 ||| DROPPING scroll of magic mapping.
     2 | D:5      | 2 ||| DROPPING scroll of fear.
     8 | D:4      | 8 ||| PLANNING SEWER
    66 | D:4      | Reached XP level 2. HP: 19/19 MP: 2/2
    81 | D:4      | 81 ||| Stepping ~*~*~tactically~*~*~ (stealth).
    84 | D:4      | HP: 4/19 [gnoll/+1 flail of holy wrath (7)]
    85 | D:4      | Slain by a gnoll

Levels and vault maps discovered:
D:4:      layout_cave_pools, cheibrodos_sewer_entry_sluice
D:5:      layout_gridville, serial_rivers, chequers_serial_rivers_micro_b,
          chequers_serial_rivers_small_b, chequers_serial_rivers_micro_e,
          chequers_serial_rivers_room_a, grunt_ministairs_3,
          minmay_starry_boxes, uniq_duvessa, uniq_menkaure, uniq_blork_the_orc

Skill      XL: |  1 |
---------------+----+-----
Axes           | 2 |  2.5
Fighting       | |  3.2
Dodging        | |  1.5
Stealth        | |  5.4

Action                   || total
-------------------------++-------
Melee: Hand axe          ||    19
Armor: Leather armour    ||    14
Dodge: Dodged            ||     9

Table legend:
 A = Non-vault XP
 B = Vault XP
 C = Vault XP percentage of total XP
 D = Non-vault monster count
 E = Vault monster count
 F = Vault count percentage of total count
                 A         B        C        D         E       F
            +---------+---------+-------+---------+---------+-------
      Total |      12 |       0 |   0.0 |       6 |       0 |   0.0
            +---------+---------+-------+---------+---------+-------
        D:4 |      12 |       0 |   0.0 |       6 |       0 |   0.0
            +---------+---------+-------+---------+---------+-------
